 Dungeon Crawl Stone Soup version 0.28.0-53-g5a82cb258f (webtiles) character file.

Game seed: 9003880775440512596

281 Sin92 the Skirmisher (level 6, -10/48 HPs)
             Began as a Demonspawn Fighter on June 6, 2022.
             Mangled by a wyvern zombie (12 damage)
             ... on level 5 of the Dungeon.
             The game lasted 00:04:01 (3812 turns).

Sin92 the Skirmisher (Demonspawn Fighter)           Turns: 3812, Time: 00:04:02

Health: -10/48     AC:  6    Str: 16    XL:     6   Next: 6%
Magic:  6/6        EV:  9    Int: 11    God:
Gold:   85         SH: 10    Dex: 15    Spells: 5/5 levels left

rFire   . . .      SeeInvis .   a - +0 trident
rCold   + . .      Faith    .   c - +0 buckler
rNeg    . . .      Spirit   .   b - +0 scale mail
rPois   +          Reflect  +   (no helmet)
rElec   .          Harm     .   (no cloak)
rCorr   .          Rampage  .   (no gloves)
Will    .....                   (no boots)
Stlth   ..........              i - amulet of reflection
HPRegen 0.16/turn               n - ring of protection from cold
MPRegen 0.10/turn               d - ring of poison resistance

@: no status effects
A: claws 2, powered by death 1, big brain 1
a: no special abilities


You were on level 5 of the Dungeon.
You visited 1 branch of the dungeon, and saw 5 of its levels.

You collected 85 gold pieces.

Inventory:

Hand Weapons
 a - a +0 trident (weapon)
Armour
 b - a +0 scale mail (worn)
 c - a +0 buckler (worn)
Jewellery
 d - a ring of poison resistance (right claw)
 f - an amulet of regeneration
 i - an amulet of reflection (around neck)
 l - a ring of wizardry
 n - a ring of protection from cold (left claw)
Scrolls
 e - 4 scrolls of fear
 g - 6 scrolls of teleportation
 j - 3 scrolls of identify
Potions
 k - a potion of haste
 o - a potion of berserk rage
 p - a potion of attraction
 q - 2 potions of curing


   Skills:
 + Level 4.0 Fighting
 + Level 3.0 Polearms
 + Level 3.6 Armour
 + Level 2.1 Dodging
 + Level 3.6 Shields


You had 5 spell levels left.
You didn't know any spells.
Your spell library contained the following spells:

 Spells                   Type           Power      Damage    Failure   Level
 Magic Dart               Conj           0%         1d3       85%         1
 Sting                    Tmut/Pois      0%         1d3       85%         1
 Call Imp                 Summ           0%         N/A       94%         2
 Poisonous Vapours        Pois/Air       0%         N/A       94%         2
 Mephitic Cloud           Conj/Pois/Air  0%         N/A       99%         3
 Olgreb's Toxic Radiance  Pois           0%         N/A       100%        4
 Dispersal                Tloc           0%         N/A       100%        6
 Disjunction              Tloc           0%         N/A       100%        8


Dungeon Overview and Level Annotations

Branches:
Dungeon (5/15)
 Temple: D:4-7

Altars:
Ru


Innate Abilities, Weirdness & Mutations

You have very sharp fingernails.
You regenerate a little health from kills.
You have an unusually large brain. (Int +2)


Message History

You climb downwards.
Found 18 bolts and a dagger.
There is a stone staircase leading up here.
Found a book of Blasting.
You hit the wyvern zombie.
The wyvern zombie is lightly damaged.
The wyvern zombie bites you. x2
You hit the wyvern zombie.
The wyvern zombie is lightly damaged.
The wyvern zombie bites you.
You hit the wyvern zombie.
The wyvern zombie is moderately damaged.
The wyvern zombie completely misses you.
The wyvern zombie bites you!
You are too injured to fight recklessly!
You are too injured to fight recklessly!
You are too injured to fight recklessly!
You are too injured to fight recklessly!
You are too injured to fight recklessly!
Unknown command.
You hit the wyvern zombie.
The wyvern zombie is moderately damaged.
The wyvern zombie bites you!
* * * LOW HITPOINT WARNING * * *
You hit the wyvern zombie.
The wyvern zombie is heavily damaged.
The wyvern zombie closely misses you. The wyvern zombie barely misses you.
You hit the wyvern zombie.
The wyvern zombie is heavily damaged.
The wyvern zombie bites you!
* * * LOW HITPOINT WARNING * * *
The wyvern zombie bites you.
* * * LOW HITPOINT WARNING * * *
You barely miss the wyvern zombie.
The wyvern zombie is heavily damaged.
You block the wyvern zombie's attack.
You hit the wyvern zombie.
The wyvern zombie is heavily damaged.
The wyvern zombie closely misses you. The wyvern zombie bites you!
You die...

.. .. .# .#
.#
##.######.#
#.....<.#.##
.....###.@Z.#
.#.
#.........
#......####
.:......#
.##.....)# ..
##.....# .
≈≈≈..^^
##§.^≈#.


You could see a wyvern zombie.

Vanquished Creatures
  A phantom (D:4)
  A scorpion (D:4)
  An orc priest (D:3)
  2 orc wizards (D:3)
  2 adders
  A worm (D:3)
  A dart slug (D:2)
  5 orcs (D:3)
  6 endoplasms
  4 giant cockroaches
  4 goblins
  8 hobgoblins
  4 jackals (D:3)
  2 kobolds
  2 quokkas
  6 ball pythons
  4 bats
  3 rats
57 creatures vanquished.

Notes
Turn   | Place    | Note
-------+----------+-------------------------------------------
     0 | D:1      | Sin92 the Demonspawn Fighter began the quest for the Orb.
     0 | D:1      | Reached XP level 1. HP: 18/18 MP: 1/1
   179 | D:1      | Found a faded altar of an unknown god.
   223 | D:1      | Gained mutation: You have sharp fingernails. [demonic
                  | ancestry]
   223 | D:1      | Reached XP level 2. HP: 24/24 MP: 2/2
   895 | D:2      | HP: 1/24 [poisoned by an adder]
   896 | D:2      | Gained mutation: You have an unusually large brain. (Int
                  | +2) [demonic ancestry]
   896 | D:2      | Reached XP level 3. HP: 1/29 MP: 3/3
  1215 | D:2      | Reached skill level 1 in Dodging
  2120 | D:3      | Reached XP level 4. HP: 16/35 MP: 4/4
  2144 | D:3      | Gained mutation: You regenerate a little health from kills.
                  | [demonic ancestry]
  2144 | D:3      | Reached XP level 5. HP: 3/42 MP: 5/5
  3130 | D:4      | Found a sacrificial altar of Ru.
  3168 | D:4      | Noticed a phantom
  3184 | D:4      | Killed a phantom
  3185 | D:4      | Reached skill level 4 in Fighting
  3185 | D:4      | Gained mutation: You have very sharp fingernails. [demonic
                  | ancestry]
  3185 | D:4      | Reached XP level 6. HP: 30/48 MP: 6/6
  3802 | D:5      | Entered Level 5 of the Dungeon
  3810 | D:5      | HP: 2/48 [wyvern zombie (2)]
  3812 | D:5      | Mangled by a wyvern zombie

Illustrated notes

Levels and vault maps discovered:
D:1:      nicolae_arrival_memento_mori, layout_loops_ring,
          basic_ecumenical_altar, minmay_heptomino_h4
D:2:      layout_basic
D:3:      layout_basic, minmay_box_of_dots
D:4:      layout_loops_ring, old_standard_altar
D:5:      layout_loops_ring, grunt_qazlal_sundering, lemuel_tele_altar

Skill      XL: |  1  2  3  4  5 |
---------------+----------------+-----
Polearms       | 2 3 |  3.0
Dodging        | 1 2 |  2.1
Armour         | 3 |  3.6
Shields        | 3 |  3.6
Fighting       | 4 |  4.0

Action                   |  1- 3 |  4- 6 || total
-------------------------+-------+-------++-------
Melee: Trident           |   153 |    87 ||   240
  Use: Potion            |     2 |     1 ||     3
       Scroll            |       |     8 ||     8
 Stab: Distracted        |     1 |       ||     1
Armor: Scale mail        |    58 |    20 ||    78
Dodge: Dodged            |    46 |    25 ||    71
Block: Buckler           |    54 |    29 ||    83
